 Dungeon Crawl Stone Soup version 0.21.1-1-g345015fe64 (webtiles) character file.

12015485 Lavandula the Annihilator (level 27, 129/129 HPs)
             Began as a Felid Wanderer on May 3, 2018.
             Was the Champion of Vehumet.
             Escaped with the Orb
             ... and 15 runes on May 11, 2018!
             The game lasted 12:20:57 (135538 turns).

Lavandula the Annihilator (Felid Wanderer)        Turns: 135538, Time: 12:20:57

Health: 129/129    AC: 11    Str:  8    XL:     27
Magic:  35/62      EV: 37    Int: 28    God:    Vehumet [******]
Gold:   10971      SH:  4    Dex: 18    Spells: 2/76 levels left
                                        Lives:  2   Deaths: 6

rFire    + + +     SeeInvis +     - Unarmed
rCold    + + .     Gourm    .   (shield unavailable)
rNeg     + + +     Faith    .   (armour unavailable)
rPois    ∞         Spirit   +   (helmet unavailable)
rElec    +         Reflect  .   (cloak unavailable)
rCorr    .         Harm     .   (gloves unavailable)
MR       +++++                  (boots unavailable)
Stlth    +++.......             X - amulet of the Middle {Spirit rElec rN+ Str+2}
HPRegen  0.31/turn              F - ring of fire
MPRegen  0.38/turn              q - ring of the Crown {*Contam rF+++ rC+ MP+9 Int+2}

@: lich-form, hasted, drained, deflect missiles, very quick
A: very small, no armour, no weapons or thrown items, stealth, claws 1, fangs 3,
iridescent scales 1, large bone plates 1, see invisible, carnivore, speed 1,
frail 1, magic resistance 1, shaggy fur 3, slow metabolism 1, wild magic 1,
MP-powered wands, sharp paws
0: Orb of Zot
}: 15/15 runes: decaying, slimy, silver, golden, iron, obsidian, icy, bone,
abyssal, demonic, glowing, magical, fiery, dark, gossamer
a: End Transformation, Renounce Religion


You escaped.
You worshipped Vehumet.
Vehumet was exalted by your worship.
You were not hungry.
You were a lich.
You visited 18 branches of the dungeon, and saw 88 of its levels.
You visited Pandemonium 5 times, and saw 16 of its levels.
You visited the Abyss 9 times.
You completed 1 ziggurat, and saw 27 of its levels.
You also visited: Trove, Ice Cave and Volcano.

You collected 13529 gold pieces.
You spent 2558 gold pieces at shops.

Inventory:

Jewellery
 p - the ring of Pyest {rCorr rC+}
   (You found it on level 14 of a ziggurat)

   [ring of resist corrosion]

   It protects you from cold.
 q - the ring of the Crown (right paw) {*Contam rF+++ rC+ MP+9 Int+2}
   (You found it on level 25 of a ziggurat)

   [ring of protection from cold]

   It affects your intelligence (+2).
   It renders you almost immune to fire.
   It protects you from cold.
   It affects your magic capacity (+9).
   It causes magical contamination when unequipped.
 t - the ring of Obidiakk {rN++ Str+10 Int-3 Dex-3 Stlth+}
   (You took it off an efreet in Pandemonium)

   [ring of stealth]

   It affects your strength (+10).
   It affects your intelligence (-3).
   It affects your dexterity (-3).
   It greatly protects you from negative energy.
   It makes you more stealthy.
 v - the ring of Geurha {-Tele rPois rN+++ Int-5 Slay+1}
   (You acquired it on level 3 of the Abyss)

   [ring of slaying]

   It affects your intelligence (-5).
   It affects your accuracy and damage with ranged weapons and melee attacks
   (+1).
   It protects you from poison.
   It renders you almost immune to negative energy.
   It prevents most forms of teleportation.
 x - the ring of the Villain {+Blink rF+ rC+ Int-4 Dex+5}
   (You found it on level 7 of the Iron City of Dis)

   [ring of protection from fire]

   It affects your intelligence (-4).
   It affects your dexterity (+5).
   It protects you from fire.
   It protects you from cold.
   It lets you blink.
 B - the ring "Giymm" {rF+ rC+ MR+ Str+2 Slay-4}
   (You acquired it on level 12 of a ziggurat)

   [ring of protection from cold]

   It affects your strength (+2).
   It affects your accuracy and damage with ranged weapons and melee attacks
   (-4).
   It protects you from fire.
   It protects you from cold.
   It affects your resistance to hostile enchantments.
 F - a ring of fire (left paw)
 H - the ring of the Establishment {Wiz Dex+7}
   (You took it off a deep elf death mage on level 3 of the Elven Halls)

   [ring of wizardry]

   It improves your spell success rate.
   It affects your dexterity (+7).
 V - the ring of Terra Nullius {MR++ Stlth+}
   (You found it on level 16 of a ziggurat)

   [ring of stealth]

   It affects your resistance to hostile enchantments.
   It makes you more stealthy.
 X - the amulet of the Middle (around neck) {Spirit rElec rN+ Str+2}
   (You acquired it on level 1 of the Vaults)

   [amulet of guardian spirit]

   It causes incoming damage to be split between your health and magic.
   It affects your strength (+2).
   It insulates you from electricity.
   It protects you from negative energy.
 Z - the ring of Charity {rC+ Int+3}
   (You found it on level 15 of a ziggurat)

   [ring of protection from cold]

   It affects your intelligence (+3).
   It protects you from cold.
Wands
 w - a wand of enslavement (55)
 z - a wand of iceblast (39)
 A - a wand of paralysis (91)
 E - a wand of digging (16)
 G - a wand of random effects (44)
 J - a wand of clouds (17)
 S - a wand of disintegration (17)
 U - a wand of acid (43)
Scrolls
 b - 37 scrolls of teleportation
 f - 8 scrolls of vulnerability
 h - 60 scrolls of remove curse
 k - a scroll of immolation
 n - 5 scrolls of holy word
 y - 5 scrolls of fear
 C - a scroll of silence
 K - 4 scrolls of summoning
 P - 21 scrolls of identify
 R - 14 scrolls of fog
 W - 7 scrolls of blinking
 Y - a scroll of amnesia
Potions
 e - 5 potions of brilliance
 g - 5 potions of resistance
 i - 2 potions of magic
 j - 5 potions of heal wounds
 l - 8 potions of might
 m - 2 potions of cancellation
 o - 17 potions of curing
 r - a potion of haste
 s - 8 potions of lignification
 u - 3 potions of invisibility
 D - 2 potions of ambrosia
 I - 4 potions of agility
 M - 10 potions of mutation
Miscellaneous
 a - 9 boxes of beasts
 d - a lamp of fire
 L - 13 sacks of spiders
 N - a phial of floods
 O - 15 phantom mirrors
 Q - a +1 figurine of a ziggurat
 T - a lightning rod (4/4)
Comestibles
 c - 26 rations


   Skills:
 + Level 24.7(24.6) Fighting
 - Level 22.4(22.3) Dodging
 - Level 17.7 Stealth
 - Level 22.5(22.4) Unarmed Combat
 - Level 25.4(25.3) Spellcasting
 O Level 27(26.9) Conjurations
 - Level 9.0(8.9) Charms
 - Level 16.4(16.3) Summonings
 - Level 21.6(21.5) Necromancy
 - Level 5.0 Translocations
 - Level 10.0(9.9) Transmutations
 - Level 25.6(25.5) Fire Magic
 - Level 1.4 Ice Magic
 - Level 16.7(16.6) Earth Magic
 - Level 10.0(9.9) Evocations


You had 2 spell levels left.
You knew the following spells:

 Your Spells              Type           Power        Failure   Level  Hunger
a - Lehudib's Crystal Sp  Conj/Erth      ########..   1%          8    N/A
b - Infestation           Necr           ########..   2%          8    N/A
c - Irradiate             Conj/Tmut      ########..   1%          5    N/A
d - Malign Gateway        Summ/Tloc      #######...   13%         7    N/A
e - Ozocubu's Armour      Chrm/Ice       ######..     1%          3    N/A
f - Necromutation         Tmut/Necr      ########..   13%         8    N/A
g - Apportation           Tloc           ######       1%          1    N/A
h - Spellforged Servitor  Conj/Summ      ########..   1%          7    N/A
i - Fire Storm            Conj/Fire      #########.   1%          9    N/A
j - Regeneration          Chrm/Necr      ########..   1%          3    N/A
k - Blink                 Tloc           N/A          1%          2    N/A
l - Summon Butterflies    Summ           ########     1%          1    N/A
m - Deflect Missiles      Chrm/Air       ######....   28%         6    N/A
n - Shroud of Golubria    Chrm/Tloc      #######...   1%          2    N/A
o - Passage of Golubria   Tloc           N/A          2%          4    N/A

Dungeon Overview and Level Annotations

Branches:
Dungeon (15/15)            Temple (1/1) D:7            Lair (6/6) D:9
  Swamp (4/4) Lair:4       Spider (4/4) Lair:2        Slime (5/5) Lair:6
    Orc (2/2) D:11            Elf (3/3) Orc:2        Vaults (5/5) D:13
  Crypt (3/3) Vaults:2       Tomb (3/3) Crypt:3      Depths (5/5) D:15
   Hell (1/1)                 Dis (7/7) Hell            Geh (7/7) Hell
    Coc (7/7) Hell            Tar (7/7) Hell            Zot (5/5) Depths:5

Altars:
Ashenzari
Cheibriados
Dithmenos
Elyvilon
Fedhas
Gozag
Hepliaklqana
Kikubaaqudgha
Makhleb
Nemelex Xobeh
Okawaru
Qazlal
Ru
Sif Muna
Trog
Uskayaw
Vehumet
Wu Jian
Xom
Yredelemnul
Zin
The Shining One
Beogh
Jiyva

Shops:
D:5 [   D:6 [   D:9 *   D:10 }   D:11 (   Orc:1 *   Orc:2 ![(}   Elf:3 [
Vaults:3 =   Vaults:4 [   Vaults:5 ?   Depths:1 [   Depths:3 ==}

Portals:
Hell: Depths:1 Depths:2 Depths:3 Depths:4 Depths:5
Abyss: Depths:2 Depths:3 Depths:4
Pandemonium: Depths:1 Depths:3

Annotations:
D:2 1 runed door
D:9 igoodwill's ghost, journeyman DDFi
D:10 mhilhors's ghost, novice MfTm
Lair:5 exclusion: 6 oklob plants
Swamp:4 Schimscham's ghost, journeyman MiBe
Elf:3 1 exclusion
Dis:7 Dispater
Geh:7 Asmodeus


Innate Abilities, Weirdness & Mutations

You cannot wear armour.
You are incapable of wielding weapons or throwing items.
Your paws allow you to move quietly. (Stealth)
You have sharp claws.
You have razor-sharp teeth.
You have supernaturally acute eyesight. (SInv)
You are carnivorous and can eat meat at any time.
You cover ground quickly.
Your thick and shaggy fur keeps you warm. (AC +3, rC+)
You have a slow metabolism.
Your sharp claws are effective at attacking unaware monsters.
You are partially covered in iridescent scales. (AC +2)
You are partially covered in large bone plates. (SH +4)
You are frail. (-10% HP)
You are resistant to hostile enchantments. (MR+)
Your spells are a little harder to cast, but a little more powerful.
You expend magic power (3 MP) to strengthen your wands.


Message History

Unknown command.
You swap places.
Unydwir hits your butterfly.
Your butterfly dies!
Unydwir completely misses your butterfly.
Unydwir hits your butterfly!!
Your butterfly dies!
Casting: Summon Butterflies
Confirm with . or Enter, or press ? or * to list all spells.
You summon a servant imbued with your destructive magic!
Unknown command.
You swap places.
A sun demon comes into view.
A sun demon is nearby!
Ucrir Vunopt gurgles, "Away with thee, thou gorbellied doghearted giglet!"
You enter the shallow water.
Moving in this stuff is going to be slow.
A tormentor comes into view.
There is a large open door here.
There is a staircase leading out of the dungeon here.
You have escaped!

......## ###.# ####.###
#####..##############.####.......
# #..##........b.&.......##.##. #
#.....###########.#######.##. #
#..####≈≈≈≈≈≈≈≈≈≈.# #.##.
#####..####≈8≈1≈≈≈≈8≈.# #....
...........≈≈8≈≈≈≈8≈≈.# ####.
.#.######..≈≈3####≈≈≈2# ##....
.#.# #..≈≈8&.L#≈§≈.# #..... .#.#
#..≈≈≈'..#≈≈≈.######..##. .#.#
#..≈≈≈####≈≈≈......&..##. .#.#
#..≈≈8≈§≈≈8≈≈########.##. .#.#
###≈8≈§≈≈≈≈8≈# #)##. ##.#
#≈≈≈§§§≈≈≈≈# #.##. #.#
#######.#### #.##. #.# ###.#
#.#.. #.# #...# #....


You could see Ucrir Vunopt, an Ice Fiend, a sun demon, a tormentor (wandering)
and a friendly spellforged servitor.

Vanquished Creatures
  the Royal Jelly (Slime:5)
  Ereshkigal (Tar:7)
  10 ancient liches
  Tiamat (Zot:3)
  4 orbs of fire (Zot:5)
  Khufu (Crypt:2)
  Mara (Crypt:1)
  Mennas (Depths:3)
  3 juggernauts
  15 greater mummies
  Frederick (Vaults:4)
  5 shard shrikes
  Bai Suzhen (Swamp:3)
  A Killer Klown (Zot:5)
  A curse toe (Zot:3)
  4 caustic shrikes
  Nikola (Swamp:3)
  23 golden dragons
  Jory (Depths:3)
  13 bone dragons
  4 profane servitors
  8 doom hounds
  15 Tzitzimimeh
  3 electric golems (Zot:5)
  Rupert (Lair:3)
  16 Brimstone Fiends
  3 hellephants
  3 iron giants
  2 Hell Sentinels (Dis:7)
  20 tentacled monstrosities
  A shard shrike skeleton (Crypt:1)
  7 Ice Fiends
  8 liches
  30 Orb Guardians
  5 titans
  7 deep elf master archers
  9 deep elf blademasters
  8 quicksilver dragons
  26 acid blobs
  17 tentacled starspawn
  14 Executioners
  8 death cobs
  13 sphinxes
  8 draconian monks (Zig:26)
  3 thorn hunters (Zig:14)
  Kirke (Spider:4)
  7 ancient champions
  15 shadow dragons
  18 nagarajas (Zig:21)
  12 storm dragons
  8 frost giants
  3 tengu reavers
  6 fire giants
  18 azure jellies
  6 revenants
  19 draconian knights
  2 iron dragons (Dis:7)
  14 deep elf sorcerers
  12 vault wardens
  20 balrugs
  14 draconian scorchers
  4 deep elf elementalists
  14 ghost moths
  3 caustic shrike zombies
  2 curse skulls
  2 warmongers
  14 cacodemons
  An orc warlord (Vaults:1)
  7 ghouls
  7 emperor scorpions
  14 draconian shifters
  7 ironheart preservers
  16 stone giants
  3 war gargoyles
  A juggernaut zombie (Zig:10)
  30 reapers
  3 blood saints (Pan)
  14 draconian annihilators
  2 juggernaut skeletons
  13 black draconians
  7 entropy weavers
  A caustic shrike skeleton (Zig:22)
  11 draconian stormcallers
  38 very ugly things
  2 corrupters (Pan)
  15 green draconians
  Nessos (Orc:2)
  17 white draconians
  7 vampire knights
  5 bennus
  6 black suns
  8 lorocyprocas
  16 yellow draconians
  20 spark wasps
  15 purple draconians
  19 deep elf annihilators
  10 red draconians
  2 dire elephants
  13 deep elf demonologists
  4 eidola
  9 ettins
  16 blizzard demons
  A quicksilver dragon zombie (Coc:1)
  18 death oozes
  11 mummy priests
  8 deep elf death magi
  17 green deaths
  5 ogre magi
  17 deep elf high priests
  A spectral kraken (Tar:7)
  18 yaktaur captains
  4 fire dragons
  21 jiangshi
  21 hydras
  17 ice dragons
  16 great orbs of eyes
  9 rakshasas
  36 vault guards
  2 naga warriors (Zig:21)
  Harold (Orc:1)
  4 quicksilver dragon skeletons
  A spectral tengu (Zig:8)
  2 monstrous demonspawn
  6 ghost crabs
  A catoblepas (Zig:12)
  A hell beast (Dis:2)
  A spriggan air mage (Depths:4)
  8 centaur warriors
  7 death knights
  A spectral frost giant (Crypt:3)
  50 dancing weapons
  2 anacondas (Zig:21)
  5 vampire magi
  A spectral fire giant (Crypt:3)
  12 two-headed ogres
  11 alligators
  3 deep troll shamans
  6 hell hogs
  67 death scarabs
  9 deep troll earth magi
  The ghost of Kejsarherre the Insei, a novice GnWn of Cheibriados (D:8)
  A titan zombie (Zig:13)
  18 thrashing horrors
  2 tengu warriors
  31 sun demons
  4 spriggan berserkers
  17 hell knights
  6 naga sharpshooters (Zig:21)
  44 soul eaters
  24 deep elf knights
  32 small abominations
  2 storm dragon zombies
  11 wretched stars
  2 titan skeletons
  5 shock serpents (Zig:21)
  3 iron trolls
  70 skeletal warriors
  13 shadow wraiths
  15 spatial maelstroms
  16 sixfirhies
  6 death drakes
  2 ghost moth zombies
  A spectral spriggan (Zig:8)
  A fire crab (shapeshifter) (Vaults:1)
  A deep troll (shapeshifter) (Vaults:5)
  19 deep trolls
  6 storm dragon skeletons
  A spark wasp zombie (Zig:10)
  23 shadow demons
  A glowing orange brain (shapeshifter) (Depths:3)
  4 spriggan druids
  A sea snake (shapeshifter) (Depths:4)
  9 unseen horrors
  An infernal demonspawn (D:1)
  A spectral spark wasp (Zig:8)
  An entropy weaver zombie (Crypt:2)
  3 golden dragon zombies
  4 anaconda zombies
  A kraken simulacrum (Coc:3)
  3 gelid demonspawn (Pan)
  An obsidian statue (Zig:17)
  35 deep elf archers
  17 necromancers
  10 flayed ghosts
  9 wizards
  9 phantasmal warriors
  5 shambling mangroves
  4 naga ritualists (Zig:21)
  13 ironbrand convokers
  13 swamp dragons
  Pikel (D:6)
  11 glowing orange brains
  2 golden dragon skeletons
  2 mana vipers
  4 anaconda skeletons
  3 tengu zombies
  4 shadow dragon zombies
  A mana viper (shapeshifter) (Vaults:1)
  4 orc knights
  A sphinx zombie (Zig:22)
  4 cyclopes
  3 iron dragon zombies
  13 wolf spiders
  99 deep elf magi
  24 orb spiders
  7 oklob plants (Zig:19)
  A manticore (D:11)
  8 worldbinders
  9 shining eyes
  2 stone giant zombies
  3 wolf spider zombies
  41 ugly things
  A salamander (shapeshifter) (Vaults:2)
  4 shadow dragon skeletons
  A fire giant zombie (Geh:6)
  2 sphinx skeletons
  6 tengu skeletons
  3 frost giant skeletons
  An elephant (Lair:6)
  18 moths of wrath
  A dire elephant zombie (Geh:6)
  4 ice statues
  Psyche (D:9)
  A fire giant skeleton (Tar:7)
  9 vault sentinels
  An iron dragon skeleton (Zig:13)
  5 molten gargoyles
  2 centaur zombies
  21 rust devils
  4 stone giant skeletons
  15 black mambas
  8 torpor snails
  7 apocalypse crabs
  38 smoke demons
  4 eyes of devastation
  30 spiny frogs
  17 orange demons
  2 naga magi (Zig:21)
  A gargoyle (D:10)
  2 shock serpent skeletons
  A spiny frog (shapeshifter) (Vaults:3)
  5 spectral swamp worms (Tar:7)
  2 emperor scorpion zombies
  50 yaktaurs
  A spriggan skeleton (Zig:22)
  A kobold demonologist (Abyss:3)
  20 tormentors
  17 demonic crawlers
  22 ancient zymes
  20 freezing wraiths
  2 komodo dragons
  5 efreet
  2 dire elephant skeletons (Geh:5)
  42 ice devils
  A yaktaur skeleton (Vaults:2)
  22 hellions
  17 hellwings
  A spectral glowing shapeshifter (Zig:11)
  2 tengu conjurers
  12 trolls
  27 jumping spiders
  31 guardian mummies
  3 hydra zombies
  A silent spectre (Zig:23)
  A merfolk (shapeshifter) (Depths:3)
  7 meliai
  23 red devils
  A polar bear (Zig:12)
  A queen bee (shapeshifter) (Zig:24)
  A wolf spider simulacrum (Vaults:1)
  16 blink frogs
  26 hornets
  12 tyrant leeches
  5 hydra skeletons
  3 harpy skeletons
  128 slime creatures
  14 bog bodies
  2 raiju (shapeshifter)
  8 hippogriffs
  An ettin zombie (Tomb:2)
  2 ice dragon zombies
  22 raiju
  An alligator zombie (Hell)
  8 air elementals
  3 vampires
  65 large abominations
  A spriggan (shapeshifter) (Depths:3)
  2 fire dragon skeletons (Pan)
  118 flying skulls
  An ice dragon skeleton (Geh:2)
  Sigmund (D:6)
  48 redbacks
  39 starcursed masses
  28 ynoxinuls
  25 wraiths
  21 spriggans
  13 fire elementals
  15 tarantellas
  A wyvern (shapeshifter) (Depths:2)
  A basilisk (Lair:5)
  11 water elementals
  25 shadows
  Eustachio (D:4)
  2 ettin skeletons
  15 humans (D:13)
  36 yaks
  11 fire bats
  A golden eye (shapeshifter) (Depths:1)
  7 hungry ghosts
  A wyvern (D:14)
  A yak (shapeshifter) (Depths:5)
  A human (shapeshifter) (Depths:1)
  A black mamba skeleton (Geh:7)
  12 golden eyes
  11 ushabtiu
  32 chaos spawn
  Grum (D:9)
  32 vampire mosquitoes
  Menkaure (D:6)
  10 neqoxecs
  16 insubstantial wisps
  A catoblepas simulacrum (Crypt:1)
  15 swamp worms
  A swamp worm (shapeshifter) (Vaults:5)
  5 wargs
  2 acid dragons
  4 nagas (Zig:21)
  2 soldier ants (shapeshifter) (Vaults:1)
  23 hell hounds
  6 spatial vortices
  A torturous demonspawn zombie (Geh:3)
  Duvessa (D:5)
  19 water moccasins
  5 spiny frog zombies (Hell)
  2 floating eyes
  A two-headed ogre skeleton (Crypt:2)
  A merfolk skeleton (Tomb:3)
  13 porcupines
  8 swamp drakes
  A hydra simulacrum (Hell)
  A black bear (shapeshifter) (Zig:23)
  28 orc warriors
  A swamp dragon zombie (Tomb:3)
  3 sky beasts
  A dream sheep zombie (Crypt:2)
  4 spiny frog skeletons
  10 ice beasts
  An ice beast (shapeshifter) (Depths:1)
  A hornet zombie (D:10)
  22 necrophages
  The ghost of asdpro the Chopper, an amateur MiFi (D:3)
  6 phantoms
  An ice dragon simulacrum (Crypt:1)
  21 ogres
  An alligator simulacrum (Coc:7)
  14 eyes of draining
  An eye of draining (shapeshifter) (Vaults:1)
  2 black bears
  4 human skeletons
  A wolf (shapeshifter) (Zig:23)
  A boggart (shapeshifter) (Abyss:2)
  22 wolves
  5 boggarts (Vaults:2)
  12 centaurs
  18 crocodiles
  6 elf zombies
  4 snapping turtle skeletons
  A hog skeleton (Crypt:2)
  2 big kobolds
  6 elf skeletons
  A rime drake skeleton (Crypt:1)
  17 bullfrogs
  A wyvern zombie (Crypt:2)
  Dowan (D:5)
  A komodo dragon skeleton (Crypt:2)
  2 wyvern skeletons
  4 earth elementals
  8 scorpions
  A raiju zombie (Crypt:1)
  8 killer bees (Abyss:3)
  17 wights
  4 electric eels
  3 howler monkeys
  10 crimson imps
  A bullfrog zombie (D:10)
  8 lava snakes (Volcano)
  5 quasits
  2 human zombies
  5 jellies
  4 centaur skeletons
  5 hounds
  2 bullfrog skeletons
  17 orc priests
  14 iron imps
  An iguana (shapeshifter) (Depths:3)
  3 iguanas
  Natasha (thrice) (D:4)
  12 orc wizards
  5 hell rats (Hell)
  A lightning spire (Zig:15)
  14 worker ants
  An ogre zombie (Abyss:3)
  A big kobold zombie (Crypt:1)
  A naga zombie (Geh:4)
  A naga skeleton (Crypt:1)
  A hound skeleton (D:11)
  33 mummies
  Robin (D:3)
  2 worker ant zombies
  7 gnolls
  17 adders
  11 shadow imps
  12 white imps
  14 ufetubi
  2 oozes
  A worm zombie (Crypt:2)
  3 worms
  2 adder skeletons (D:9)
  A worm (shapeshifter) (Depths:1)
  3 ball lightnings (Pan)
  A barachi zombie (Crypt:1)
  5 dart slugs
  5 leopard geckos
  80 orcs
  3 ball pythons
  7 giant cockroaches
  A goblin (shapeshifter) (Depths:4)
  14 goblins
  10 hobgoblins
  6 jackals
  6 quokkas
  10 bats
  5 frilled lizards
  2 jackal zombies
  18 kobolds
  2 quokka skeletons
  8 rats
  A crawling corpse (Zig:20)
  3 fire vortices
  3 fungi (Elf:3)
  6 plants
  17 starspawn tentacles
  A tentacle (Tar:7)
4320 creatures vanquished.

Vanquished Creatures (collateral kills)
  Antaeus (Coc:7)
  the Serpent of Hell (Tar:7)
  An ancient lich (Zot:5)
  An orb of fire (Zot:5)
  The ghost of Snarbu88 the Hoplite, a legendary MiFi of Okawaru (Zig:14)
  A pandemonium lord (Pan)
  9 greater mummies
  A shard shrike (Coc:7)
  A caustic shrike (Depths:4)
  Xtahua (Vaults:3)
  3 Killer Klowns
  2 golden dragons
  Geryon (Hell)
  3 bone dragons
  4 iron giants
  3 profane servitors
  5 Brimstone Fiends
  Jorgrun (Swamp:4)
  2 Tzitzimimeh
  A hellephant (Zig:12)
  7 tentacled monstrosities
  12 Ice Fiends
  6 Hell Sentinels
  5 Orb Guardians
  5 liches
  4 titans
  2 quicksilver dragons (Dis:7)
  A deep elf master archer (Zig:24)
  3 death cobs
  16 Executioners
  An acid blob (Zig:15)
  A thorn hunter (Abyss:4)
  The ghost of tensugalgo the Brawler, an adept TrMo of Kikubaaqudgha (Orc:2)
  8 sphinxes
  10 ancient champions
  11 tentacled starspawn
  3 revenants
  A tengu reaver (Vaults:5)
  3 nagarajas (Zig:21)
  5 storm dragons
  2 draconian monks (Zot:5)
  Donald (Spider:4)
  5 shadow dragons
  A fire giant (shapeshifter) (Zig:5)
  The ghost of Kejsarherre the Severer, a journeyman MiBe of Trog (Spider:1)
  6 ghost moths
  A draconian knight (Zot:1)
  4 frost giants
  8 fire giants
  3 vault wardens
  22 balrugs
  11 cacodemons
  A spectral juggernaut (Zig:11)
  2 deep elf sorcerers
  2 warmongers (Pan)
  A caustic shrike zombie (Zig:10)
  2 draconian scorchers (Zot:1)
  9 iron dragons
  2 ironheart preservers (Vaults:5)
  A deep elf elementalist (Elf:3)
  3 draconian annihilators (Zig:26)
  6 draconian shifters
  3 draconian stormcallers
  5 emperor scorpions
  12 stone giants
  An elemental wellspring (Coc:7)
  A curse skull (Pan)
  28 reapers
  An entropy weaver (Zig:16)
  8 war gargoyles
  20 very ugly things
  A caustic shrike skeleton (Depths:2)
  2 corrupters (Pan)
  2 deep elf demonologists
  6 green draconians
  A vampire knight (Tar:4)
  2 bennus (Tomb:1)
  A lorocyproca (Pan)
  2 black draconians
  A deep elf annihilator (Elf:3)
  4 black suns
  A dire elephant (Zig:12)
  3 purple draconians
  4 red draconians
  4 yellow draconians
  6 white draconians
  The ghost of Saeniel the Fighter, a journeyman MiBe of Trog (Orc:2)
  5 spark wasps
  2 quicksilver dragon zombies
  8 blizzard demons
  5 ettins
  4 green deaths
  4 mummy priests
  2 yaktaur captains
  3 fire dragons
  4 hydras
  A kraken zombie (Coc:7)
  4 great orbs of eyes
  A quicksilver dragon skeleton (Geh:1)
  2 vault guards (Vaults:4)
  9 ice dragons
  5 rakshasas
  A centaur warrior (Vaults:1)
  An alligator (Swamp:4)
  A monstrous demonspawn (Pan)
  4 death knights
  10 two-headed ogres
  13 death scarabs
  3 deep troll shamans
  2 ogre magi
  5 titan zombies
  A vampire mage (Depths:4)
  9 hell hogs
  A tengu warrior (Depths:4)
  3 shock serpents (Pan)
  A spectral storm dragon (Zig:11)
  2 storm dragon zombies
  9 thrashing horrors
  37 sun demons
  A soul eater (Pan)
  An iron golem (Hell)
  4 deep elf knights
  33 hell knights
  An iron troll (Depths:1)
  26 skeletal warriors
  A shadow wraith (Zig:11)
  11 wretched stars
  13 sixfirhies
  2 spatial maelstroms
  2 titan skeletons
  5 golden dragon zombies
  A spark wasp zombie (Depths:3)
  2 unseen horrors
  A quicksilver dragon simulacrum (Depths:2)
  2 anaconda zombies
  7 deep trolls
  4 deep elf archers
  2 swamp dragons
  4 wizards
  2 shambling mangroves
  4 golden dragon skeletons
  3 shadow demons
  A deep troll (shapeshifter) (Vaults:5)
  7 flayed ghosts
  2 glowing orange brains
  3 anaconda skeletons
  3 iron dragon zombies
  An ironbrand convoker (Vaults:5)
  4 wolf spider zombies
  7 phantasmal warriors
  19 deep elf magi
  2 necromancers
  7 shadow dragon skeletons
  19 orb spiders
  An orc knight (Orc:2)
  3 shining eyes (Pan)
  3 fire giant zombies
  26 wolf spiders
  A shining eye (shapeshifter) (Zig:5)
  A tengu skeleton (Zig:22)
  3 stone giant zombies
  A mana viper (Abyss:3)
  5 frost giant zombies
  An oklob plant (Lair:5)
  2 centaur zombies
  A sphinx skeleton (Depths:3)
  2 cyclopes (Orc:2)
  24 rust devils
  2 salamanders (shapeshifter)
  2 iron dragon skeletons
  A guardian serpent (Zig:21)
  16 ugly things
  9 moths of wrath
  2 black mambas
  5 dire elephant zombies
  A vault sentinel (Vaults:3)
  An ice statue (Coc:7)
  4 elephants (Lair:6)
  An apocalypse crab (Abyss:3)
  3 frost giant skeletons
  A spriggan zombie (Depths:2)
  A water nymph (Abyss:4)
  2 fire giant skeletons
  A molten gargoyle (Geh:7)
  2 stone giant skeletons
  A dire elephant skeleton (Geh:4)
  A shock serpent skeleton (Geh:1)
  16 orange demons
  18 spiny frogs
  3 elf zombies
  15 smoke demons
  A spriggan skeleton (Zig:22)
  11 hellions
  11 efreet
  12 demonic crawlers
  16 ice devils
  6 komodo dragons
  3 ancient zymes
  9 hellwings
  10 yaktaurs
  A silent spectre (Zig:22)
  A catoblepas skeleton (Geh:2)
  9 tormentors
  7 freezing wraiths
  21 red devils
  9 guardian mummies
  A tengu conjurer (Depths:2)
  A queen bee (shapeshifter) (Depths:1)
  An elf skeleton (Zig:22)
  7 hydra zombies
  A meliai (shapeshifter) (Abyss:3)
  A polar bear (Lair:6)
  A queen bee (Abyss:3)
  4 trolls (Orc:2)
  30 jumping spiders
  A harpy zombie (Coc:7)
  A raiju (shapeshifter) (Vaults:5)
  3 hydra skeletons
  A wolf spider simulacrum (Coc:7)
  A meliai (Abyss:3)
  5 tyrant leeches
  12 raiju
  15 hornets
  2 ice dragon zombies
  34 large abominations
  An alligator zombie (Geh:1)
  An ettin zombie (Dis:6)
  9 bog bodies
  16 blink frogs
  A frost giant simulacrum (Coc:7)
  26 slime creatures
  An ettin skeleton (Tomb:2)
  22 starcursed masses
  5 ynoxinuls
  An ice dragon skeleton (Geh:7)
  41 flying skulls
  2 ushabtiu (Tomb:2)
  6 shadows
  5 water elementals
  An air elemental (Depths:4)
  2 yaks
  40 redbacks
  11 tarantellas
  4 spriggans
  A basilisk (shapeshifter) (Abyss:4)
  A fire dragon skeleton (Coc:1)
  3 hogs (Spider:4)
  A human (shapeshifter) (Vaults:5)
  8 wraiths
  9 chaos spawn
  7 fire elementals
  A fire bat (Abyss:3)
  2 wyverns
  A hungry ghost (Coc:7)
  4 humans (D:13)
  12 vampire mosquitoes
  13 neqoxecs
  6 spatial vortices
  5 swamp worms
  A naga (Zig:21)
  21 hell hounds
  6 insubstantial wisps
  An infernal demonspawn zombie (Dis:3)
  A hydra simulacrum (Coc:7)
  A spiny frog zombie (Coc:2)
  A porcupine (Lair:1)
  A floating eye (Pan)
  A spiny frog skeleton (Coc:7)
  A snapping turtle zombie (Tar:7)
  2 ice beasts
  6 orc warriors
  A black bear (D:12)
  A swamp dragon zombie (Dis:5)
  A phantom (Geh:2)
  20 ogres
  2 eyes of draining (Zig:15)
  An eye of draining (shapeshifter) (Vaults:5)
  7 necrophages
  2 manticore zombies
  2 centaurs (D:12)
  A manticore skeleton (Coc:2)
  2 crocodiles (Lair:6)
  13 small abominations
  A snapping turtle skeleton (Coc:3)
  A bullfrog (shapeshifter) (Vaults:5)
  11 bullfrogs
  2 killer bees (Abyss:3)
  A troll zombie (Tar:7)
  48 wights
  A howler monkey (D:12)
  2 crimson imps
  An orc priest (Orc:2)
  2 hounds
  4 iron imps
  2 orc wizards (Orc:2)
  A worker ant (D:12)
  A tengu zombie (Dis:3)
  11 mummies
  2 shadow imps
  3 white imps
  15 orcs
  A kobold (D:12)
  6 crawling corpses
  2 fire vortices
  7 fungi
  A lurking horror (Abyss:3)
  8 plants
  9 starspawn tentacles
  A tentacle (Coc:7)
1671 creatures vanquished.

Vanquished Creatures (others)
  Asterion (Spider:1)
  20 eldritch tentacles
  A death cob (Zot:1)
  A tengu reaver (Depths:3)
  A draconian scorcher (Zot:1)
  A draconian knight (Zot:1)
  2 frost giants (Depths:3)
  A stone giant (Depths:3)
  A bennu (Tomb:3)
  A death scarab (Tomb:2)
  A hell hog (Dis:5)
  A spriggan berserker (Depths:3)
  A titan zombie (Tomb:2)
  A deep elf knight (Elf:2)
  A wizard (Depths:3)
  An unseen horror (Vaults:1)
  An anaconda skeleton (Dis:5)
  A wolf spider (Spider:2)
  4 moths of wrath
  A tormentor (Tar:1)
  A yaktaur (Vaults:5)
  A harpy skeleton (Tomb:2)
  A shadow (Abyss:4)
  A ynoxinul (Pan)
  4 flying skulls (Tomb:2)
  A small abomination (Abyss:4)
  A chaos spawn (Pan)
  A hell hound (Zot:5)
  An eye of draining (D:6)
  2 slaves (D:6)
  2 centaurs (Volcano)
  A killer bee (Abyss:3)
  A bullfrog skeleton (D:9)
  2 mummies (Tomb:2)
  A shadow imp (Zig:22)
  A white imp (IceCv)
  4 ufetubi
  2 ball lightnings (Pan)
  3 bushes (Abyss:4)
  4 demonic plants (Abyss:4)
  718 fire vortices
  48 fungi
  A lurking horror (Abyss:4)
  83 plants
  76 starspawn tentacles
  14 tentacles
1018 creatures vanquished.

Grand Total: 7009 creatures vanquished

Notes
Turn   | Place    | Note
-------+----------+-------------------------------------------
     0 | D:1      | Lavandula the Felid Wanderer began the quest for the Orb.
     0 | D:1      | Lavandula set off with: a book of Geomancy, 2 scrolls of teleportation, a ration
     0 | D:1      | Reached XP level 1. HP: 9/9 MP: 3/3
     2 | D:1      | Learned a level 1 spell: Sandblast
   456 | D:1      | Reached skill level 1 in Unarmed Combat
   551 | D:1      | Reached XP level 2. HP: 9/13 MP: 4/4
  1997 | D:2      | Reached XP level 3. HP: 8/16 MP: 3/5
  2172 | D:1      | Learned a level 3 spell: Stone Arrow
  2553 | D:2      | Reached skill level 1 in Earth Magic
  3372 | D:2      | Reached XP level 4. HP: 14/19 MP: 6/6
  3407 | D:2      | Found a runed door.
  3676 | D:2      | Found a deep blue altar of Sif Muna.
  4183 | D:3      | Found a shadowy altar of Dithmenos.
  4304 | D:3      | Noticed asdpro's ghost (amateur MiFi)
  4412 | D:4      | Noticed Robin
  4709 | D:2      | Reached XP level 5. HP: 15/22 MP: 7/7
  5178 | D:4      | Noticed an ogre
  5194 | D:4      | Killed an ogre
  5194 | D:4      | Reached skill level 5 in Unarmed Combat
  5251 | D:4      | Gained mutation: You are covered in thick fur. (AC +2) [Felid growth]
  5251 | D:4      | Reached XP level 6. HP: 25/26 MP: 6/9
  5835 | D:4      | Learned a level 4 spell: Petrify
  6567 | D:4      | Found an ornate altar of the Wu Jian Council.
  6567 | D:4      | Found a faded altar of an unknown god.
  6574 | D:4      | Found an iron altar of Okawaru.
  6576 | D:4      | Found an ancient bone altar of Kikubaaqudgha.
  6577 | D:4      | Found a basalt altar of Yredelemnul.
  7043 | D:3      | Killed Robin
  7252 | D:4      | Reached XP level 7. HP: 11/30 MP: 5/11
  7480 | D:4      | Noticed Natasha
  7489 | D:4      | Killed Natasha
  7561 | D:4      | Reached skill level 1 in Conjurations
  7811 | D:4      | Noticed Natasha
  7846 | D:4      | Killed Natasha
  7987 | D:4      | Noticed Natasha
  7993 | D:4      | Killed Natasha
  7993 | D:4      | Reached skill level 2 in Conjurations
  8118 | D:5      | Entered Level 5 of the Dungeon
  8118 | D:5      | Noticed Eustachio
  8138 | D:4      | Killed Eustachio
  8138 | D:4      | Reached skill level 3 in Conjurations
  8366 | D:5      | Noticed Dowan
  8636 | D:4      | HP: 1/30 [ice beast (14)]
  8834 | D:4      | Reached skill level 4 in Conjurations
  9280 | D:5      | Reached XP level 8. HP: 33/33 MP: 2/12
  9309 | D:5      | Reached skill level 5 in Conjurations
  9668 | D:5      | Noticed Duvessa
 10197 | D:5      | Found Tunujima's Armour Shop.
 10267 | D:5      | Reached skill level 5 in Earth Magic
 10486 | D:5      | Found a shimmering altar of Xom.
 10487 | D:5      | Found a shimmering altar of Xom.
 10490 | D:5      | Found a shimmering altar of Xom.
 10570 | D:5      | Killed Duvessa
 10855 | D:5      | Killed Dowan
 10957 | D:5      | Gained mutation: Your muscles are strong. (Str +2) [potion of mutation]
 10957 | D:5      | Gained mutation: You are partially covered in rugged brown scales. (AC +1, +3% HP) [potion of mutation]
 10957 | D:5      | Gained mutation: You are agile. (Dex +2) [potion of mutation]
 10973 | D:5      | HP: 1/33 [poisoned by a worker ant]
 10978 | D:5      | Succumbed to a worker ant's poison
 10979 | D:5      | Reached XP level 7. HP: 0/30 MP: 8/11
 11409 | D:6      | Found a bloodstained altar of Trog.
 11534 | D:6      | Reached XP level 8. HP: 33/33 MP: 2/12
 11897 | D:6      | Found Symoople's Antique Armour Shop.
 12001 | D:6      | Learned a level 5 spell: Lee's Rapid Deconstruction
 12243 | D:6      | Noticed Pikel
 12297 | D:6      | Killed Pikel
 12297 | D:6      | Reached skill level 5 in Spellcasting
 12428 | D:6      | Noticed Menkaure
 12447 | D:6      | Killed Menkaure
 12728 | D:6      | Noticed Sigmund
 12731 | D:6      | Killed Sigmund
 12731 | D:6      | Reached XP level 9. HP: 30/37 MP: 2/19
 13657 | D:7      | Reached skill level 1 in Dodging
 13931 | D:7      | Found a staircase to the Ecumenical Temple.
 13984 | Temple   | Entered the Ecumenical Temple
 14800 | D:7      | Reached skill level 5 in Dodging
 15145 | D:3      | Killed asdpro's ghost
 15405 | D:8      | Noticed Kejsarherre's ghost (novice GnWn)
 15698 | D:8      | Killed Kejsarherre's ghost
 15801 | D:8      | Reached XP level 10. HP: 41/41 MP: 15/21
 16866 | D:9      | Reached skill level 5 in Fighting
 17084 | D:9      | Found an opulent altar of Gozag.
 17086 | D:9      | Noticed igoodwill's ghost (journeyman DDFi)
 17088 | D:9      | Found Gozag's Platinum Reserve.
 17358 | D:9      | Reached skill level 5 in Stealth
 17517 | D:9      | Found a staircase to the Lair.
 17764 | D:9      | Found a radiant altar of Vehumet.
 17775 | D:9      | Became a worshipper of Vehumet
 17781 | D:9      | Found a sparkling altar of Nemelex Xobeh.
 17784 | D:9      | Found a sacrificial altar of Ru.
 17787 | D:9      | Found a shimmering altar of Xom.
 17967 | D:9      | Noticed Grum
 17981 | D:9      | Killed Grum
 18185 | D:9      | Noticed Psyche
 18214 | D:9      | Killed Psyche
 18674 | D:10     | Entered Level 10 of the Dungeon
 18719 | D:10     | Noticed an unseen horror
 18731 | D:10     | Killed an unseen horror
 19081 | D:10     | Identified Ofigoti's Tome of Execration and Transmutation
 19087 | D:10     | Learned a level 3 spell: Ozocubu's Armour
 19091 | D:10     | Learned a level 3 spell: Dazzling Spray
 19144 | D:10     | Reached XP level 11. HP: 48/48 MP: 12/22
 19441 | D:10     | Reached skill level 1 in Charms
 19441 | D:10     | Reached skill level 1 in Ice Magic
 19550 | D:10     | Found Faunoab's Gadget Shoppe.
 19550 | D:10     | Noticed mhilhors's ghost (novice MfTm)
 19623 | D:10     | Bought a box of beasts for 260 gold pieces
 20507 | D:10     | Reached * piety under Vehumet
 20507 | D:10     | Offered knowledge of Shock by Vehumet.
 20762 | D:11     | Found a staircase to the Orcish Mines.
 20762 | D:11     | Noticed a two-headed ogre
 21645 | D:11     | Found Hepunaojidgh's Weapon Shoppe.
 22598 | D:11     | Killed a two-headed ogre
 22788 | D:11     | Offered knowledge of Throw Flame by Vehumet.
 22822 | D:11     | Learned a level 5 spell: Borgnjor's Vile Clutch
 23049 | D:12     | Noticed a deep elf mage
 23078 | D:12     | Noticed an unseen horror
 23269 | Lair:1   | Entered Level 1 of the Lair of Beasts
 23275 | Lair:1   | Reached skill level 1 in Necromancy
 23434 | Lair:1   | Reached ** piety under Vehumet
 23738 | Lair:1   | Noticed a six-headed hydra
 24194 | Lair:1   | Gained mutation: Your thick and shaggy fur keeps you warm. (AC +3, rC+) [Felid growth]
 24194 | Lair:1   | Reached XP level 12. HP: 56/56 MP: 14/24
 24435 | Lair:1   | Killed a six-headed hydra
 24950 | Lair:1   | Learned a level 4 spell: Animate Dead
 24953 | Lair:2   | Reached skill level 5 in Necromancy
 24993 | Lair:2   | Offered knowledge of Inner Flame by Vehumet.
 25023 | Lair:2   | Found a dark tunnel.
 25039 | Volcano  | Entered a volcano
 25524 | Volcano  | Reached *** piety under Vehumet
 26063 | Volcano  | Noticed a centaur warrior
 26073 | Volcano  | Killed a centaur warrior
 26198 | Volcano  | Learned a level 2 spell: Throw Frost
 26235 | Volcano  | HP: 2/56 [something (17)]
 26446 | Lair:2   | Found a hole to the Spider Nest.
 26456 | Lair:2   | Offered knowledge of Sticky Flame by Vehumet.
 26498 | Lair:2   | Reached skill level 10 in Spellcasting
 26720 | Lair:2   | Learned a level 4 spell: Sticky Flame
 27470 | Lair:2   | Reached **** piety under Vehumet
 27470 | Lair:2   | Reached skill level 10 in Dodging
 27514 | Lair:2   | Found the +8 whip "Snakebite" {curare, rPois}
 27696 | Lair:3   | Noticed Rupert
 27732 | Lair:3   | HP: 2/56 [Rupert/battleaxe of chopping (16)]
 27732 | Lair:3   | Slain by Rupert
 27733 | Lair:3   | Reached XP level 11. HP: 0/52 MP: 5/26
 27749 | Lair:3   | Killed Rupert
 27749 | Lair:3   | Reached XP level 12. HP: 56/56 MP: 12/27
 28026 | Lair:3   | Offered knowledge of Fulminant Prism by Vehumet.
 28462 | Lair:4   | Found a staircase to the Swamp.
 29165 | Lair:5   | Noticed a seven-headed hydra
 29175 | Lair:5   | Killed a seven-headed hydra
 29297 | Lair:5   | Noticed a four-headed hydra
 29304 | Lair:5   | Killed a four-headed hydra
 30344 | Lair:6   | Entered Level 6 of the Lair of Beasts
 30347 | Lair:6   | Noticed a seven-headed hydra
 30349 | Lair:6   | Noticed an eight-headed hydra
 30614 | Lair:6   | Killed an eight-headed hydra
 30649 | Lair:6   | Killed a seven-headed hydra
 30774 | Lair:6   | Reached XP level 13. HP: 43/59 MP: 4/29
 30800 | Lair:6   | Reached ***** piety under Vehumet
 30870 | Lair:6   | Offered knowledge of Freezing Cloud by Vehumet.
 30879 | Lair:6   | Learned a level 6 spell: Death Channel
 30895 | Lair:6   | Reached skill level 1 in Fire Magic
 31060 | Lair:6   | Reached skill level 10 in Necromancy
 31446 | Lair:6   | Found a viscous altar of Jiyva.
 31447 | Lair:6   | Found a staircase to the Slime Pits.
 31747 | Orc:1    | Entered Level 1 of the Orcish Mines
 31771 | Orc:1    | Noticed Harold
 31780 | Orc:1    | Killed Harold
 31888 | Orc:1    | Found Iruqeas's Assorted Antiques.
 31896 | Orc:1    | Bought a silvery potion for 25 gold pieces
 31896 | Orc:1    | Bought a scroll of identify for 56 gold pieces
 32193 | Orc:2    | Entered Level 2 of the Orcish Mines
 32222 | Orc:2    | Noticed Saeniel's ghost (journeyman MiBe)
 32287 | Orc:2    | Found a roughly hewn altar of Beogh.
 32294 | Orc:2    | Found Siashe's Distillery.
 32303 | Orc:2    | Noticed an ettin
 32305 | Orc:2    | Noticed an ettin
 32308 | Orc:2    | Killed an ettin
 32309 | Orc:2    | Found Polug's Weapon Shoppe.
 32310 | Orc:2    | Found Osud's Gadget Shop.
 32313 | Orc:2    | Killed an ettin
 32318 | Orc:2    | Found Dumop's Armour Emporium.
 32379 | Orc:2    | Reached XP level 14. HP: 63/63 MP: 25/32
 32379 | Orc:2    | Offered knowledge of Ozocubu's Refrigeration by Vehumet.
 32393 | Orc:2    | Killed Saeniel's ghost
 32485 | Orc:2    | Bought a potion of mutation for 96 gold pieces
 32485 | Orc:2    | Lost mutation: You are partially covered in rugged brown scales. (AC +1, +3% HP) [potion of mutation]
 32485 | Orc:2    | Lost mutation: You are agile. (Dex +2) [potion of mutation]
 32485 | Orc:2    | Lost mutation: Your muscles are strong. (Str +2) [potion of mutation]
 32485 | Orc:2    | Gained mutation: You can translocate small distances at will. [potion of mutation]
 32501 | Orc:2    | Bought a box of beasts for 260 gold pieces
 32524 | Orc:2    | Noticed tensugalgo's ghost (adept TrMo)
 32529 | Orc:2    | Found a staircase to the Elven Halls.
 32539 | Orc:2    | Killed tensugalgo's ghost
 32783 | Orc:2    | Noticed Nessos
 32816 | Orc:2    | Shot with an arrow by Nessos
 32817 | Orc:2    | Reached XP level 13. HP: -2/58 MP: 18/31
 33092 | Orc:2    | Killed Nessos
 33200 | Orc:2    | Bought a potion of haste for 120 gold pieces
 33200 | Orc:2    | Bought a potion of curing for 36 gold pieces
 33200 | Orc:2    | Bought a potion of ambrosia for 96 gold pieces
 33200 | Orc:2    | Bought 2 potions of agility for 96 gold pieces
 33223 | Orc:1    | Bought an opal ring for 140 gold pieces
 33229 | Orc:1    | Bought a scroll of teleportation for 84 gold pieces
 33229 | Orc:1    | Bought a scroll of teleportation for 84 gold pieces
 33229 | Orc:1    | Bought a potion of haste for 280 gold pieces
 33708 | D:12     | Learned a level 3 spell: Regeneration
 34108 | D:12     | Offered knowledge of Irradiate by Vehumet.
 34121 | D:12     | Learned a level 5 spell: Irradiate
 34259 | D:12     | Reached skill level 6 in Conjurations
 34408 | D:13     | Found a portal to a secret trove of treasure.
 34706 | D:13     | Found a shattered altar of Ashenzari.
 34719 | D:13     | Got a glittering golden ring
 34721 | D:13     | Identified the ring of Avyqomuer {rPois rF+ SInv} (You found it on level 13 of the Dungeon)
 34929 | D:13     | Reached skill level 7 in Conjurations
 35011 | D:13     | Found a gate to the Vaults.
 35018 | D:13     | Reached XP level 14. HP: 62/62 MP: 24/33
 35027 | D:13     | Reached skill level 8 in Conjurations
 35533 | D:14     | Reached skill level 15 in Spellcasting
 35537 | D:14     | Reached ****** piety under Vehumet
 35541 | D:14     | Learned a level 2 spell: Blink
 36059 | D:15     | Entered Level 15 of the Dungeon
 36071 | D:15     | Found a shadowy altar of Dithmenos.
 36334 | D:15     | Identified the Almanac of Earth and Transmutation
 36596 | Swamp:1  | Entered Level 1 of the Swamp
 36642 | Swamp:1  | Reached skill level 5 in Translocations
 36840 | Swamp:1  | Offered knowledge of Orb of Destruction by Vehumet.
 38613 | Swamp:2  | Offered knowledge of Bolt of Fire by Vehumet.
 38722 | Swamp:3  | Noticed Bai Suzhen
 39185 | Swamp:3  | Reached XP level 15. HP: 66/66 MP: 27/36
 39388 | Swamp:3  | Noticed Nikola
 39389 | Swamp:3  | HP: 1/67 [Nikola/bolt of lightning (23)]
 39529 | Spider:1 | Entered Level 1 of the Spider Nest
 39574 | Spider:1 | Found a frozen archway.
 39682 | IceCv    | Entered an ice cave
 40480 | IceCv    | Offered knowledge of Spellforged Servitor by Vehumet.
 40566 | IceCv    | Got a flickering jade amulet
 40568 | IceCv    | Identified the amulet of the Skies Above {Harm *Drain rF+ Int+6} (You found it in an ice cave)
 40996 | Spider:1 | Identified the Volume of Changing and Good Luck
 41018 | Spider:1 | Noticed Asterion
 41028 | Spider:1 | Killed Asterion
 41073 | Spider:1 | Noticed Kejsarherre's ghost (journeyman MiBe)
 41095 | Spider:1 | Killed Kejsarherre's ghost
 41473 | Spider:2 | Offered knowledge of Bolt of Cold by Vehumet.
 42043 | Spider:3 | Lost mutation: You can translocate small distances at will. [potion of mutation]
 42043 | Spider:3 | Gained mutation: You have a pair of small antennae on your head. [potion of mutation]
 42043 | Spider:3 | Gained mutation: Your body sometimes deteriorates upon taking damage. [potion of mutation]
 42043 | Spider:3 | Gained mutation: You have an increased reservoir of magic. (+10% MP) [potion of mutation]
 42114 | Spider:3 | Learned a level 1 spell: Summon Butterflies
 42161 | Spider:3 | Noticed a ghost moth
 42176 | Spider:3 | Killed a ghost moth
 42346 | Spider:3 | Offered knowledge of Lehudib's Crystal Spear by Vehumet.
 42346 | Spider:3 | Offered knowledge of Fire Storm by Vehumet.
 42346 | Spider:3 | Offered knowledge of Ignition by Vehumet.
 42435 | Spider:3 | Reached XP level 16. HP: 38/72 MP: 27/43
 42915 | Spider:4 | Entered Level 4 of the Spider Nest
 43171 | Spider:4 | Noticed Kirke
 43181 | Spider:4 | Noticed Donald
 43375 | Spider:4 | Killed Kirke
 43375 | Spider:4 | Reached skill level 10 in Earth Magic
 43769 | Spider:4 | Got a gossamer rune of Zot
 43815 | Spider:4 | Killed Donald
 44622 | Vaults:1 | Entered Level 1 of the Vaults
 44698 | Vaults:1 | Noticed a tengu reaver
 44714 | Vaults:1 | Killed a tengu reaver
 45203 | Vaults:1 | Identified 3 scrolls of acquirement
 45206 | Vaults:1 | Got a fine zirconium amulet
 45208 | Vaults:1 | Identified the amulet of the Middle {Spirit rElec rN+ Str+2} (You acquired it on level 1 of the Vaults)
 45219 | Vaults:1 | Got a shimmering emerald amulet
 45221 | Vaults:1 | Identified the amulet "Esalaok" {Faith Int+4 Dex+3} (You acquired it on level 1 of the Vaults)
 45460 | Vaults:1 | Reached XP level 17. HP: 75/75 MP: 32/44
 45928 | Vaults:1 | Reached skill level 5 in Fire Magic
 47900 | Vaults:2 | Found a staircase to the Crypt.
 48080 | Vaults:2 | Learned a level 8 spell: Ignition
 48626 | Vaults:2 | Reached skill level 10 in Fire Magic
 49562 | Vaults:3 | Found Calepef's Jewellery Emporium.
 49576 | Vaults:3 | Reached XP level 18. HP: 79/79 MP: 39/45
 49606 | Vaults:3 | Noticed Xtahua
 49617 | Vaults:3 | Killed Xtahua
 49631 | Vaults:3 | Bought an uncursed ring of wizardry for 570 gold pieces
 50957 | Vaults:4 | Noticed Frederick
 50966 | Vaults:4 | Killed Frederick
 51142 | Vaults:4 | Found Keosediu's Antique Armour Emporium.
 52548 | Swamp:3  | Killed Nikola
 52915 | Swamp:3  | Killed Bai Suzhen
 53473 | Swamp:4  | Entered Level 4 of the Swamp
 53850 | Swamp:4  | Noticed Schimscham's ghost (journeyman MiBe)
 54333 | Swamp:4  | Reached XP level 19. HP: 82/82 MP: 16/46
 54339 | Swamp:4  | Noticed Jorgrun
 54342 | Swamp:4  | Killed Jorgrun
 54342 | Swamp:4  | Reached skill level 15 in Fire Magic
 54791 | Swamp:4  | Got a decaying rune of Zot
 55070 | Elf:1    | Entered Level 1 of the Elven Halls
 56533 | Elf:2    | Found a runed gate.
 56533 | Elf:2    | Found a runed gate.
 56533 | Elf:2    | Found a runed gate.
 57142 | Elf:2    | Learned a level 9 spell: Fire Storm
 57187 | Elf:2    | Reached skill level 9 in Conjurations
 57473 | Elf:2    | Identified the Disquisition on the Entourage
 57858 | Elf:2    | Reached skill level 10 in Conjurations
 58515 | Elf:2    | Reached skill level 11 in Conjurations
 58539 | Elf:2    | Reached XP level 20. HP: 87/87 MP: 38/48
 58730 | Elf:3    | Entered Level 3 of the Elven Halls
 59169 | Elf:3    | Reached skill level 12 in Conjurations
 59863 | Elf:3    | Reached skill level 13 in Conjurations
 60695 | Elf:3    | Got a flickering lead amulet
 60697 | Elf:3    | Identified the amulet of Doikhy {Reflect Fragile +Fly rPois Dex+7 SH+6} (You took it off a deep elf high priest on level 3 of the Elven Halls)
 60868 | Elf:3    | Got an ancient wooden ring
 60951 | Elf:3    | Identified the ring of the Establishment {Wiz Dex+7} (You took it off a deep elf death mage on level 3 of the Elven Halls)
 60967 | Elf:3    | Found the +15 Maxwell's patent armour {-Cast -Tele rElec MR+ rCorr}
 60969 | Elf:3    | Identified the Guide on Combat Magic and Execration
 61105 | Elf:3    | Found Itwuthis's Antique Armour Shoppe.
 61839 | D:15     | Reached skill level 14 in Conjurations
 61929 | D:15     | Found a staircase to the Depths.
 62074 | D:15     | Got a transparent zirconium amulet
 62076 | D:15     | Identified the amulet of Bauc {Spirit rF+ Str+2 Dex+3} (You acquired it on level 15 of the Dungeon)
 62520 | Depths:1 | Entered Level 1 of the Depths
 62602 | Depths:1 | Found a one-way gate leading to the halls of Pandemonium.
 62604 | Depths:1 | Found Vaumy's Antique Armour Emporium.
 62948 | Depths:1 | Reached skill level 15 in Conjurations
 63612 | Depths:1 | Found a gateway to Hell.
 63673 | Depths:1 | Reached XP level 21. HP: 90/90 MP: 31/49
 64186 | Depths:2 | Found a gateway to a ziggurat.
 64234 | Depths:2 | Found a one-way gate to the infinite horrors of the Abyss.
 64506 | Depths:2 | Reached skill level 16 in Conjurations
 64659 | Depths:2 | Noticed a golden dragon
 64667 | Depths:2 | Killed a golden dragon
 65226 | Depths:2 | Noticed a golden dragon
 66132 | Depths:2 | Killed a golden dragon
 66515 | Depths:3 | Noticed Jory
 66534 | Depths:3 | Killed Jory
 66645 | Depths:2 | Reached skill level 5 in Evocations
 67239 | Depths:3 | Found Ady Siom's Gadget Shop.
 67239 | Depths:3 | Found Rurharoq's Jewellery Shoppe.
 67240 | Depths:3 | Found Cuesuymp's Jewellery Shoppe.
 68555 | Depths:3 | Noticed a juggernaut
 68567 | Depths:3 | Killed a juggernaut
 68567 | Depths:3 | Reached XP level 22. HP: 93/93 MP: 31/50
 68632 | Depths:3 | Noticed a golden dragon
 68638 | Depths:3 | Killed a golden dragon
 68638 | Depths:3 | Reached skill level 17 in Conjurations
 68690 | Depths:3 | Noticed a golden dragon
 68694 | Depths:3 | Killed a golden dragon
 68768 | Depths:3 | Noticed a juggernaut
 68778 | Depths:3 | Killed a juggernaut
 69358 | Depths:4 | Noticed Mennas
 69563 | Depths:4 | Noticed a caustic shrike
 69735 | Depths:3 | Mangled by Mennas
 69736 | Depths:3 | Reached XP level 21. HP: -12/89 MP: 0/49
 69776 | Depths:3 | Killed Mennas
 70016 | Depths:4 | Killed a caustic shrike
 70141 | Depths:4 | Noticed a juggernaut
 70164 | Depths:4 | Killed a juggernaut
 70337 | Depths:4 | Found a runed door.
 70457 | Depths:4 | HP: 4/90 [spectral juggernaut[the player character] (9)]
 70908 | Depths:4 | Noticed a golden dragon
 70919 | Depths:4 | Killed a golden dragon
 71255 | Depths:4 | Noticed a golden dragon
 71439 | Depths:4 | Noticed a caustic shrike
 71489 | Depths:4 | Found a runed door.
 71750 | Depths:4 | Reached skill level 18 in Conjurations
 72299 | Depths:4 | Found a runed door.
 72524 | Depths:4 | Killed a caustic shrike
 72524 | Depths:4 | Reached XP level 22. HP: 59/94 MP: 30/50
 72605 | Depths:5 | Entered Level 5 of the Depths
 73106 | Depths:5 | Noticed a caustic shrike
 73114 | Depths:5 | Killed a caustic shrike
 73190 | Depths:5 | Noticed a caustic shrike
 73198 | Depths:5 | Killed a caustic shrike
 73321 | Depths:5 | Noticed a caustic shrike
 73326 | Depths:5 | Killed a caustic shrike
 73524 | Depths:5 | Noticed a golden dragon
 73528 | Depths:5 | Noticed a golden dragon
 73719 | Depths:5 | Reached skill level 15 in Earth Magic
 74278 | Depths:5 | Found a gate to the Realm of Zot.
 74391 | Depths:5 | Killed a golden dragon
 74392 | Depths:5 | Killed a golden dragon
 74987 | Crypt:1  | Entered Level 1 of the Crypt
 75732 | Crypt:1  | Learned a level 8 spell: Lehudib's Crystal Spear
 75790 | Crypt:1  | Noticed Mara
 75791 | Crypt:1  | Mangled by a jiangshi
 75792 | Crypt:1  | Reached XP level 21. HP: -6/90 MP: 0/49
 75938 | Crypt:1  | Killed Mara
 76554 | Crypt:2  | Noticed Khufu
 77057 | Crypt:2  | Noticed a greater mummy
 77058 | Crypt:2  | Noticed a greater mummy
 77063 | Crypt:2  | Noticed a greater mummy
 77077 | Crypt:2  | Killed a greater mummy
 78317 | Crypt:2  | Killed a greater mummy
 78317 | Crypt:2  | Reached XP level 22. HP: 92/92 MP: 18/50
 78318 | Crypt:2  | Killed a greater mummy
 78623 | Crypt:2  | Killed Khufu
 78838 | Crypt:3  | Entered Level 3 of the Crypt
 79324 | Crypt:3  | Found a basalt altar of Yredelemnul.
 79332 | Crypt:3  | Reached skill level 19 in Conjurations
 79798 | Crypt:3  | Got a wavering lapis lazuli ring
 79799 | Crypt:3  | Identified the ring of the Doge {rC+ Str+4 Int-2 Dex+6} (You found it on level 3 of the Crypt)
 81642 | Crypt:3  | Found a staircase to the Tomb.
 81658 | Crypt:3  | Identified the Compendium of Dark Magic
 82367 | Slime:1  | Entered Level 1 of the Pits of Slime
 82683 | Slime:3  | Paralysed by a floating eye for 3 turns
 83097 | Vaults:5 | Entered Level 5 of the Vaults
 83101 | Vaults:5 | Reached XP level 23. HP: 89/95 MP: 44/52
 83114 | Vaults:5 | Reached skill level 15 in Dodging
 83334 | Vaults:5 | Mangled by a golden dragon
 83335 | Vaults:5 | Reached XP level 22. HP: -8/94 MP: 0/51
 83361 | Vaults:5 | Killed a golden dragon
 83786 | Vaults:5 | Learned a level 1 spell: Apportation
 83849 | Vaults:5 | Found Ixtett's Magic Scroll Shoppe.
 83857 | Vaults:5 | Bought a scroll of blinking for 127 gold pieces
 83857 | Vaults:5 | Bought a scroll of teleportation for 51 gold pieces
 84119 | Vaults:5 | Got a silver rune of Zot
 84175 | Vaults:5 | Found the +8 longbow "Zephyr" {speed, Dex+3 SInv}
 85641 | Slime:5  | Entered Level 5 of the Pits of Slime
 85660 | Slime:5  | Noticed the Royal Jelly
 85833 | Slime:4  | Reached skill level 10 in Unarmed Combat
 86293 | Slime:5  | Reached XP level 23. HP: 88/97 MP: 38/53
 86620 | Slime:5  | Found a viscous altar of Jiyva.
 86728 | Slime:5  | Killed the Royal Jelly
 86756 | Slime:5  | Identified the ring of Fatikemy {rPois rF- MR++ Str+3} (You found it on level 5 of the Pits of Slime)
 86761 | Slime:5  | Got a slimy rune of Zot
 86806 | Slime:5  | Identified the Guide on the Igneous Mountains
 86813 | Slime:5  | Reached XP level 24. HP: 96/102 MP: 39/54
 86834 | Slime:5  | Learned a level 7 spell: Spellforged Servitor
 87303 | Elf:3    | Lost mutation: Your body sometimes deteriorates upon taking damage. [potion of mutation]
 87303 | Elf:3    | Lost mutation: You have a pair of small antennae on your head. [potion of mutation]
 87303 | Elf:3    | Gained mutation: Your flesh is heat resistant. (rF+) [potion of mutation]
 87303 | Elf:3    | Gained mutation: You are partially covered in iridescent scales. (AC +2) [potion of mutation]
 87303 | Elf:3    | Gained mutation: You are robust. (+10% HP) [potion of mutation]
 87558 | D:15     | Learned a level 2 spell: Shroud of Golubria
 87829 | Vaults:5 | Bought a scroll of magic mapping for 59 gold pieces
 87829 | Vaults:5 | Bought a scroll of magic mapping for 59 gold pieces
 87829 | Vaults:5 | Bought a scroll of immolation for 59 gold pieces
 88106 | Pan      | Entered Pandemonium
 88910 | Pan      | Noticed Hesk the pandemonium lord
 89313 | Pan      | Reached skill level 10 in Stealth
 90683 | Pan      | Found a runed door.
 90689 | Pan      | Got a demonic rune of Zot
 90756 | Pan      | Gained mutation: Your spells are a little easier to cast, but a little less powerful. [a cacodemon]
 91216 | Pan      | Found an exit through the horrors of the Abyss.
 91239 | Pan      | Took an exit into the Abyss.
 91239 | Abyss:1  | Escaped into the Abyss
 91243 | Abyss:1  | Found a corrupted altar of Lugonu.
 91480 | Depths:1 | Escaped the Abyss
 91595 | Zot:1    | Entered Level 1 of the Realm of Zot
 92183 | Zot:1    | Reached XP level 25. HP: 97/115 MP: 14/54
 92202 | Zot:1    | Reached skill level 15 in Unarmed Combat
 93260 | Pan      | Entered the realm of Mnoleg.
 93260 | Pan      | Entered Pandemonium
 93264 | Pan      | Gained mutation: You are clumsy. (Dex -2) [a cacodemon]
 93265 | Pan      | Noticed Mnoleg
 93265 | Pan      | Gained mutation: Your spells are easier to cast, but less powerful. [a neqoxec]
 93443 | Pan      | Gained mutation: Your spells are much easier to cast, but much less powerful. [a cacodemon]
 93480 | Pan      | Paralysed by a floating eye for 4 turns
 93488 | Pan      | Gained mutation: You tend to lose your temper in combat. [a cacodemon]
 93912 | Pan      | Got a glowing rune of Zot
 94217 | Pan      | Noticed Ileyhugh the pandemonium lord
 94232 | Pan      | Killed Ileyhugh the pandemonium lord
 94372 | Pan      | Entered the realm of Gloorx Vloq.
 95163 | Pan      | Noticed Gloorx Vloq
 95633 | Pan      | Found an exit through the horrors of the Abyss.
 96439 | Pan      | Got a dark rune of Zot
 96772 | Pan      | Took an exit into the Abyss.
 96772 | Abyss:1  | Escaped into the Abyss
 97124 | Abyss:1  | Found a corrupted altar of Lugonu.
 97352 | Abyss:1  | Found a corrupted altar of Lugonu.
 97694 | Depths:3 | Escaped the Abyss
 97739 | Depths:3 | Voluntarily entered the Abyss.
 97785 | Depths:3 | Escaped the Abyss
 97787 | Depths:3 | Voluntarily entered the Abyss.
 97880 | Abyss:1  | Found a sacrificial altar of Ru.
 97887 | Abyss:1  | HP: 5/115 [tentacled starspawn (15)]
 97968 | Abyss:1  | Reached XP level 26. HP: 57/119 MP: 19/55
 98168 | Abyss:1  | Found a hide-covered altar of Uskayaw.
 98445 | Abyss:3  | Identified the ring of Geurha {-Tele rPois rN+++ Int-5 Slay+1} (You acquired it on level 3 of the Abyss)
 98970 | Abyss:4  | Found a corrupted altar of Lugonu.
 99394 | Abyss:4  | Found a corrupted altar of Lugonu.
100120 | Depths:3 | Escaped the Abyss
100336 | Depths:3 | Voluntarily entered the Abyss.
100336 | Abyss:1  | Found a roughly hewn altar of Beogh.
100734 | Abyss:3  | Found a corrupted altar of Lugonu.
100784 | Depths:3 | Escaped the Abyss
101035 | Depths:3 | Voluntarily entered the Abyss.
101040 | Abyss:1  | Found a corrupted altar of Lugonu.
101853 | Depths:3 | Escaped the Abyss
101934 | Depths:3 | Voluntarily entered the Abyss.
102429 | Abyss:3  | Found a basalt altar of Yredelemnul.
102598 | Abyss:3  | Gained mutation: You expend magic power (3 MP) to strengthen your wands. [a cacodemon]
102767 | Abyss:3  | Gained mutation: You are occasionally teleported next to monsters. [a neqoxec]
103167 | Abyss:3  | Got an abyssal rune of Zot
103294 | Abyss:5  | Entered Level 5 of the Abyss
103336 | Depths:3 | Escaped the Abyss
103442 | Hell     | Entered the Vestibule of Hell
103442 | Hell     | Noticed Geryon
103555 | D:15     | Learned a level 9 spell: Shatter
103560 | D:15     | Learned a level 4 spell: Passage of Golubria
103800 | Crypt:3  | Lost mutation: You expend magic power (3 MP) to strengthen your wands. [potion of mutation]
103800 | Crypt:3  | Lost mutation: You are clumsy. (Dex -2) [potion of mutation]
103800 | Crypt:3  | Lost mutation: Your flesh is heat resistant. (rF+) [potion of mutation]
103800 | Crypt:3  | Gained mutation: You evolve. [potion of mutation]
104299 | Depths:1 | Reached XP level 27. HP: 124/124 MP: 39/58
104301 | Depths:1 | Reached skill level 10 in Fighting
104358 | Depths:1 | Gained mutation: You occasionally shout uncontrollably at your foes. [evolution]
105070 | Hell     | Killed Geryon
105221 | D:13     | You paid a toll of the horn of Geryon to enter a treasure trove
105222 | Trove    | Entered a treasure trove
105250 | Trove    | Identified the Tome of Boosting Transmigration
105258 | Trove    | Identified Sif Muna's Guide on Lethal Ice
105282 | Trove    | Identified Sif Muna's Reference Book on Virous Protection
105408 | D:15     | Learned a level 6 spell: Deflect Missiles
105420 | D:15     | Learned a level 8 spell: Necromutation
105447 | Pan      | Entered Pandemonium
105509 | Depths:1 | Escaped Pandemonium
105511 | Pan      | Entered Pandemonium
105531 | Depths:1 | Escaped Pandemonium
105558 | Pan      | Entered Pandemonium
105595 | Pan      | Entered the realm of Cerebov.
106001 | Pan      | Identified the Almanac of Poisonous Execration
106022 | Pan      | Noticed Cerebov
106654 | Pan      | Reached skill level 5 in Transmutations
106952 | Pan      | Found an exit through the horrors of the Abyss.
107134 | Pan      | Got a steaming jade ring
107138 | Pan      | Identified the ring of Obidiakk {rN++ Str+10 Int-3 Dex-3 Stlth+} (You took it off an efreet in Pandemonium)
107558 | Pan      | Got a fiery rune of Zot
107599 | Pan      | Entered the realm of Lom Lobon.
107835 | Pan      | Reached skill level 10 in Transmutations
108135 | Pan      | Reached skill level 5 in Charms
108218 | Pan      | Noticed Lom Lobon
108637 | Pan      | Got a magical rune of Zot
109173 | Pan      | Found a transporter.
109200 | Pan      | Found an exit through the horrors of the Abyss.
109283 | Pan      | Gained mutation: You sometimes yell uncontrollably at your foes. [a cacodemon]
109590 | Pan      | Found a transporter.
109896 | Pan      | Lost mutation: You have an increased reservoir of magic. (+10% MP) [a cacodemon]
110320 | Pan      | Got a steaming amethyst amulet
110321 | Pan      | Identified the amulet "Sile" {Harm *Corrode *Drain rC+ Dex+3} (You found it in Pandemonium)
110342 | Pan      | Got a slimy copper amulet
110343 | Pan      | Identified the amulet "Ladoz" {Reflect MP-9 Str+6 SH+4 SInv Stlth+} (You found it in Pandemonium)
110437 | Pan      | Took an exit into the Abyss.
110437 | Abyss:1  | Escaped into the Abyss
110487 | Depths:1 | Escaped the Abyss
110534 | Depths:1 | Learned a level 8 spell: Infestation
110686 | Hell     | Found a gateway to the freezing wastes of Cocytus.
110764 | Coc:1    | Entered Level 1 of Cocytus
111125 | Hell     | Found a gateway to the decaying netherworld of Tartarus.
111273 | Tar:1    | Entered Level 1 of Tartarus
111654 | Depths:2 | Gained mutation: You are agile. (Dex +2) [evolution]
111804 | D:15     | Learned a level 5 spell: Borgnjor's Vile Clutch
111839 | Zig:1    | Entered Level 1 of a ziggurat
111961 | Zig:2    | Entered Level 2 of a ziggurat
112003 | Zig:3    | Entered Level 3 of a ziggurat
112193 | Zig:4    | Entered Level 4 of a ziggurat
112291 | Zig:5    | Entered Level 5 of a ziggurat
112449 | Zig:6    | Entered Level 6 of a ziggurat
112452 | Zig:6    | Noticed a juggernaut
112452 | Zig:6    | Noticed a juggernaut
112461 | Zig:7    | Entered Level 7 of a ziggurat
112579 | Zig:7    | Found the +2 pair of boots of the Assassin {Detection Stab+ Stlth++}
112589 | Zig:7    | Identified the Tome of Harmful Transformation
112595 | Zig:7    | Lost mutation: You are agile. (Dex +2) [potion of mutation]
112595 | Zig:7    | Lost mutation: Your spells are much easier to cast, but much less powerful. [potion of mutation]
112595 | Zig:7    | Lost mutation: You are robust. (+10% HP) [potion of mutation]
112595 | Zig:7    | Lost mutation: You tend to lose your temper in combat. [potion of mutation]
112595 | Zig:7    | Gained mutation: Your system is resistant to poisons. (rPois) [potion of mutation]
112618 | Zig:8    | Entered Level 8 of a ziggurat
112644 | Zig:8    | Identified the Grimoire of Toxic Flames
112655 | Zig:8    | Lost mutation: You evolve. [potion of mutation]
112655 | Zig:8    | Lost mutation: You are occasionally teleported next to monsters. [potion of mutation]
112655 | Zig:8    | Gained mutation: You can translocate small distances at will. [potion of mutation]
112655 | Zig:8    | Gained mutation: You are partially covered in large bone plates. (SH +4) [potion of mutation]
112674 | Zig:9    | Entered Level 9 of a ziggurat
112681 | Zig:9    | Found the +9 scales of the Dragon King {rPois rF+ rC+ MR+}
112736 | Zig:10   | Entered Level 10 of a ziggurat
112824 | Zig:10   | Identified Sif Muna's Collected Works on Clay
112987 | Zig:11   | Entered Level 11 of a ziggurat
113200 | Zig:11   | Identified Ceveval's Compendium of Quantum Clay
113252 | Zig:12   | Entered Level 12 of a ziggurat
113266 | Zig:12   | Reached skill level 10 in Evocations
113480 | Zig:12   | Lost mutation: You sometimes yell uncontrollably at your foes. [potion of mutation]
113480 | Zig:12   | Lost mutation: Your system is resistant to poisons. (rPois) [potion of mutation]
113480 | Zig:12   | Lost mutation: Your spells are easier to cast, but less powerful. [potion of mutation]
113480 | Zig:12   | Lost mutation: You can translocate small distances at will. [potion of mutation]
113480 | Zig:12   | Gained mutation: You are frail. (-10% HP) [potion of mutation]
113480 | Zig:12   | Gained mutation: Your muscles are strong. (Str +2) [potion of mutation]
113485 | Zig:12   | Lost mutation: You occasionally shout uncontrollably at your foes. [potion of mutation]
113485 | Zig:12   | Lost mutation: Your muscles are strong. (Str +2) [potion of mutation]
113485 | Zig:12   | Lost mutation: Your spells are a little easier to cast, but a little less powerful. [potion of mutation]
113485 | Zig:12   | Gained mutation: Your spells are a little harder to cast, but a little more powerful. [potion of mutation]
113485 | Zig:12   | Gained mutation: You are resistant to hostile enchantments. (MR+) [potion of mutation]
113488 | Zig:12   | Identified the ring "Giymm" {rF+ rC+ MR+ Str+2 Slay-4} (You acquired it on level 12 of a ziggurat)
113501 | Zig:13   | Entered Level 13 of a ziggurat
113558 | Zig:13   | Got a glittering diamond amulet
113559 | Zig:13   | Identified the amulet "Xigag" {Reflect Int+3 SH+4} (You found it on level 13 of a ziggurat)
113701 | Zig:14   | Entered Level 14 of a ziggurat
113718 | Zig:14   | Noticed Snarbu88's ghost (legendary MiFi)
113775 | Zig:14   | Got a scorched brass ring
113776 | Zig:14   | Identified the ring of Pyest {rCorr rC+} (You found it on level 14 of a ziggurat)
113823 | Zig:14   | Killed Snarbu88's ghost
113823 | Zig:14   | Reached skill level 15 in Necromancy
113988 | Zig:15   | Entered Level 15 of a ziggurat
114005 | Zig:15   | Gained mutation: You expend magic power (3 MP) to strengthen your wands. [a shining eye]
114043 | Zig:15   | Got a flickering jade ring
114044 | Zig:15   | Identified the ring of Charity {rC+ Int+3} (You found it on level 15 of a ziggurat)
114104 | Zig:16   | Entered Level 16 of a ziggurat
114154 | Zig:16   | Got a steaming wooden ring
114155 | Zig:16   | Identified the ring of Terra Nullius {MR++ Stlth+} (You found it on level 16 of a ziggurat)
114156 | Zig:16   | Identified the Reference Book on Torrid Evil Rites
114230 | Zig:17   | Entered Level 17 of a ziggurat
114282 | Zig:17   | Identified the Collected Works on Darkness and the Volcanoes
114291 | Zig:17   | Identified the Volume of Transmutation and Displacement
114355 | Zig:18   | Entered Level 18 of a ziggurat
114399 | Zig:18   | Identified the ring "Zatisch" {+Blink rF+ rC- MR+++ MP+9} (You found it on level 18 of a ziggurat)
114421 | Zig:18   | Identified the Tome of the Escort and Lightness
114496 | Zig:19   | Entered Level 19 of a ziggurat
114581 | Zig:19   | Reached skill level 20 in Conjurations
114670 | Zig:20   | Entered Level 20 of a ziggurat
114687 | Zig:20   | Reached skill level 15 in Stealth
114869 | Zig:21   | Entered Level 21 of a ziggurat
114909 | Zig:21   | Reached skill level 15 in Fighting
114993 | Zig:21   | Identified the Catalogue of Warped Transmigration
114996 | Zig:21   | Identified Byloukk's Incunabulum of Battle Magic
114998 | Zig:21   | Identified the ring of Erotwe {*Drain rElec rN+++ MP+9 SInv} (You found it on level 21 of a ziggurat)
115004 | Zig:21   | Identified the amulet of Fragile Peace {Spirit Stlth+} (You found it on level 21 of a ziggurat)
115008 | Zig:21   | Identified Gijubb's Catalogue of Helpful Sinister Arts
115134 | Zig:22   | Entered Level 22 of a ziggurat
115429 | Zig:22   | Identified the Volume of Moulding and Stones
115522 | Zig:23   | Entered Level 23 of a ziggurat
115540 | Zig:23   | Noticed an ancient lich
115603 | Zig:23   | Cast into level 2 of the Abyss (spatial maelstrom)
115773 | Zig:23   | Escaped the Abyss
115823 | Zig:23   | Killed an ancient lich
116046 | Zig:23   | Found the amulet of the Air {Inacc +Fly rElec EV+5 RMsl}
116125 | Zig:24   | Entered Level 24 of a ziggurat
116287 | Zig:24   | Found the ring of Robustness {AC+8}
116312 | Zig:24   | Identified the Tome of Helpful Combat Magic
116321 | Zig:24   | Identified Sif Muna's Almanac of Supportive Hexes
116409 | Zig:25   | Entered Level 25 of a ziggurat
116491 | Zig:25   | Got a fine granite ring
116493 | Zig:25   | Identified the ring of Binwa {rElec MR+ Str-4 Dex-4 Stlth+} (You found it on level 25 of a ziggurat)
116502 | Zig:25   | Identified the ring of the Crown {*Contam rF+++ rC+ MP+9 Int+2} (You found it on level 25 of a ziggurat)
116628 | Zig:26   | Entered Level 26 of a ziggurat
116823 | Zig:26   | Identified the amulet of Gupup {Spirit Str+2} (You acquired it on level 26 of a ziggurat)
116831 | Zig:26   | Identified Fujupsia's Tome of Orientation and Boosts
116838 | Zig:26   | Identified the ring "Rusoil" {Ice Str+2} (You found it on level 26 of a ziggurat)
116968 | Zig:27   | Entered Level 27 of a ziggurat
116980 | Zig:27   | Noticed Miplag the pandemonium lord
116998 | Zig:27   | Noticed Kaocaov the pandemonium lord
116998 | Zig:27   | Noticed Vatal the pandemonium lord
117002 | Zig:27   | Noticed Weanaotu the pandemonium lord
117002 | Zig:27   | Noticed Unabluow the pandemonium lord
117003 | Zig:27   | Noticed Yho Luw the pandemonium lord
117003 | Zig:27   | Noticed Zops the pandemonium lord
117003 | Zig:27   | Noticed Ibro the pandemonium lord
117003 | Zig:27   | Noticed Tiomm the pandemonium lord
117004 | Zig:27   | Noticed Relaicw the pandemonium lord
117004 | Zig:27   | Noticed Bibba the pandemonium lord
117005 | Zig:27   | Noticed Pixaciu the pandemonium lord
117005 | Zig:27   | Noticed Zunixil the pandemonium lord
117005 | Zig:27   | Noticed Raewelu the pandemonium lord
117005 | Zig:27   | Noticed Vohorer the pandemonium lord
117005 | Zig:27   | Noticed Ymusat the pandemonium lord
117006 | Zig:27   | Noticed Keucki the pandemonium lord
117006 | Zig:27   | Noticed Ebaemm Furi the pandemonium lord
117006 | Zig:27   | Noticed Ileokhlo the pandemonium lord
117006 | Zig:27   | Noticed Edefukke the pandemonium lord
117006 | Zig:27   | Noticed Keost the pandemonium lord
117006 | Zig:27   | Noticed Xiucuwys the pandemonium lord
117006 | Zig:27   | Noticed Aloryrphe the pandemonium lord
117006 | Zig:27   | Noticed Qyecraurph the pandemonium lord
117006 | Zig:27   | Noticed Cafriat the pandemonium lord
117006 | Zig:27   | Noticed Zanloip the pandemonium lord
117007 | Zig:27   | Found the +3 pair of gauntlets of War {Slay+5}
117007 | Zig:27   | Noticed Atecov the pandemonium lord
117007 | Zig:27   | Noticed Yhuapan the pandemonium lord
117009 | Zig:27   | Noticed Bulall the pandemonium lord
117010 | Zig:27   | Found the +0 Maxwell's etheric cage {RegenMP+ *Contam rElec MP+4}
117047 | D:15     | Learned a level 7 spell: Malign Gateway
117211 | Tar:5    | Found a burning altar of Makhleb.
117218 | Tar:5    | Reached skill level 1 in Summonings
117403 | Tar:7    | Entered Level 7 of Tartarus
117473 | Tar:7    | Reached skill level 5 in Summonings
117971 | Tar:7    | Noticed the Serpent of Hell
117976 | Tar:7    | Killed the Serpent of Hell
117989 | Tar:7    | Noticed Ereshkigal
118006 | Tar:7    | Killed Ereshkigal
118006 | Tar:7    | Reached skill level 10 in Summonings
118160 | Tar:7    | Got a bone rune of Zot
118312 | Hell     | Found a gateway to the Iron City of Dis.
118329 | Dis:1    | Entered Level 1 of the Iron City of Dis
118952 | Dis:7    | Entered Level 7 of the Iron City of Dis
120015 | Dis:7    | Reached skill level 15 in Summonings
120353 | Dis:7    | Got a brightly glowing lead ring
120354 | Dis:7    | Identified the ring of the Villain {+Blink rF+ rC+ Int-4 Dex+5} (You found it on level 7 of the Iron City of Dis)
120430 | Dis:7    | Found the +9 sword of Zonguldrok {reap}
120451 | Dis:7    | Identified the Reference Book on the Unholy Escort
120457 | Dis:7    | Got an ancient silver ring
120461 | Dis:7    | Identified the ring of the Eleven Souls {-Tele rN+ Int+2 SInv} (You found it on level 7 of the Iron City of Dis)
120703 | Dis:7    | Got a twitching lead ring
120705 | Dis:7    | Identified the ring of Geilujatt {rPois MR+} (You found it on level 7 of the Iron City of Dis)
120809 | Dis:7    | Noticed Dispater
120823 | Dis:7    | Got an iron rune of Zot
121312 | Coc:3    | You fall through a shaft for 3 floors!
121319 | Coc:7    | Entered Level 7 of Cocytus
121744 | Coc:7    | Noticed Antaeus
121773 | Coc:7    | Killed Antaeus
121815 | Coc:7    | Got an icy rune of Zot
121816 | Coc:7    | Identified Sif Muna's Compendium of Evil and Good Luck
122015 | Hell     | Found a gateway to the ashen valley of Gehenna.
122028 | Geh:1    | Entered Level 1 of Gehenna
123814 | Geh:7    | Entered Level 7 of Gehenna
124088 | Geh:7    | Noticed Asmodeus
124422 | Geh:7    | Got an obsidian rune of Zot
124744 | Tomb:1   | Entered Level 1 of the Tomb of the Ancients
124909 | Tomb:1   | Noticed a greater mummy
124917 | Tomb:1   | Killed a greater mummy
125395 | Tomb:2   | Noticed a greater mummy
125480 | Tomb:2   | Noticed a greater mummy
125485 | Tomb:2   | Killed a greater mummy
125643 | Tomb:2   | Noticed a greater mummy
125655 | Tomb:2   | Killed a greater mummy
125752 | Tomb:2   | Noticed an ancient lich
125756 | Tomb:2   | Killed an ancient lich
125800 | Tomb:2   | Killed a greater mummy
125933 | Tomb:1   | Noticed a greater mummy
125933 | Tomb:1   | Noticed a greater mummy
125935 | Tomb:1   | Killed a greater mummy
125939 | Tomb:1   | Killed a greater mummy
125962 | Tomb:1   | Noticed a greater mummy
125966 | Tomb:1   | Killed a greater mummy
125989 | Tomb:1   | Noticed a greater mummy
125991 | Tomb:1   | Killed a greater mummy
126020 | Tomb:1   | Noticed a greater mummy
126024 | Tomb:1   | Killed a greater mummy
126037 | Tomb:1   | Noticed a greater mummy
126040 | Tomb:1   | Noticed a greater mummy
126043 | Tomb:1   | Killed a greater mummy
126048 | Tomb:1   | Killed a greater mummy
126140 | Tomb:1   | Noticed a greater mummy
126155 | Tomb:1   | Noticed a greater mummy
126155 | Tomb:1   | Killed a greater mummy
126165 | Tomb:1   | Killed a greater mummy
126185 | Tomb:1   | Noticed a greater mummy
126187 | Tomb:1   | Noticed a greater mummy
126190 | Tomb:1   | Noticed a greater mummy
126195 | Tomb:1   | Killed a greater mummy
126198 | Tomb:1   | Killed a greater mummy
126373 | Tomb:1   | Killed a greater mummy
126722 | Tomb:3   | Entered Level 3 of the Tomb of the Ancients
126736 | Tomb:3   | Noticed an ancient lich
126747 | Tomb:3   | Killed an ancient lich
126888 | Tomb:3   | Killed an ancient lich
126890 | Tomb:3   | Killed a greater mummy
126890 | Tomb:3   | Killed an ancient lich
126940 | Tomb:3   | Noticed a greater mummy
126946 | Tomb:3   | Noticed a greater mummy
126947 | Tomb:3   | Noticed a greater mummy
126947 | Tomb:3   | Killed a greater mummy
126949 | Tomb:3   | Noticed a greater mummy
126952 | Tomb:3   | Killed a greater mummy
126953 | Tomb:3   | Killed a greater mummy
126960 | Tomb:3   | Killed a greater mummy
127006 | Tomb:3   | Got a golden rune of Zot
127052 | Tomb:3   | Got a coiled bronze ring
127053 | Tomb:3   | Identified the ring of Zynoinn {rPois rN+} (You found it on level 3 of the Tomb of the Ancients)
128245 | Zot:3    | Found the +8 orange crystal plate armour {Archmagi, Int+3 Clar}
128294 | Zot:3    | Noticed Tiamat
128315 | Zot:3    | Killed Tiamat
128441 | Zot:4    | Reached skill level 21 in Conjurations
128592 | Zot:5    | Entered Level 5 of the Realm of Zot
129095 | Zot:5    | Reached skill level 22 in Conjurations
129251 | Zot:5    | Noticed an ancient lich
129254 | Zot:5    | Killed an ancient lich
129319 | Zot:5    | Noticed an ancient lich
129320 | Zot:5    | Killed an ancient lich
129547 | Zot:5    | Noticed an ancient lich
129551 | Zot:5    | Killed an ancient lich
129551 | Zot:5    | Reached skill level 23 in Conjurations
129644 | Zot:5    | Noticed an ancient lich
129648 | Zot:5    | Noticed an ancient lich
129652 | Zot:5    | Noticed an orb of fire
129656 | Zot:5    | Killed an orb of fire
129680 | Zot:5    | Killed an ancient lich
129760 | Zot:5    | Noticed an ancient lich
129761 | Zot:5    | Killed an ancient lich
129817 | Zot:5    | Noticed an orb of fire
129826 | Zot:5    | Killed an orb of fire
130062 | Zot:5    | Noticed an orb of fire
130074 | Zot:5    | Killed an orb of fire
130220 | Zot:5    | Noticed an orb of fire
130226 | Zot:5    | Killed an orb of fire
130345 | Zot:5    | Reached skill level 24 in Conjurations
130459 | Zot:5    | Noticed an orb of fire
130464 | Zot:5    | Killed an orb of fire
131024 | Zot:4    | Reached skill level 25 in Conjurations
133292 | Zot:2    | Reached skill level 26 in Conjurations
133947 | Zot:5    | Killed an ancient lich
133987 | Zot:5    | Got the Orb of Zot
134522 | Zot:3    | Noticed Yro Muklill the pandemonium lord
135115 | Depths:3 | Noticed Wirak the pandemonium lord
135246 | Depths:2 | Reached skill level 27 in Conjurations
135500 | D:1      | Noticed Unydwir the pandemonium lord
135505 | D:1      | Noticed Ucrir Vunopt the pandemonium lord
135538 | D:$      | Escaped with the Orb!

Skill      XL: |  1  2  3  4  5  6  7  8  9 10 11 12 13 14 15 16 17 18 19 20 21 22 23 24 25 26 27 |
---------------+----------------------------------------------------------------------------------+-----
Unarmed Combat | 1 2 3 5 11 14 16 22 | 22.5
Earth Magic    | 2 3 6 7 8 12 16 | 16.7
Spellcasting   | 2 6 7 11 14 16 18 20 21 22 24 25 | 25.4
Conjurations   | 4 5 7 8 11 15 18 19 27 | 27.0
Dodging        | 7 11 12 14 16 22 | 22.4
Fighting       | 5 7 8 9 24 | 24.7
Stealth        | 8 10 14 17 | 17.7
Charms         | 2 9 |  9.0
Ice Magic      | 1 |  1.4
Evocations     | 4 8 10 | 10.0
Necromancy     | 4 9 10 21 | 21.6
Fire Magic     | 2 11 14 16 19 25 | 25.6
Translocations | 5 |  5.0
Transmutations | 10 | 10.0
Summonings     | 16 | 16.4

Action                   |  1- 3 |  4- 6 |  7- 9 | 10-12 | 13-15 | 16-18 | 19-21 | 22-24 | 25-27 || total
-------------------------+-------+-------+-------+-------+-------+-------+-------+-------+-------++-------
Melee: Unarmed           |   164 |   151 |   198 |   394 |   343 |    94 |   118 |   772 |  3456 ||  5690
       Bite              |     7 |    19 |    16 |    52 |    40 |    12 |    27 |   135 |   453 ||   761
       Punch             |     1 |     2 |     1 |     8 |     3 |     4 |     2 |    61 |   344 ||   426
 Cast: Sandblast         |    12 |    75 |    47 |    91 |   139 |   140 |    63 |       |       ||   567
       Stone Arrow       |       |       |   134 |   229 |   130 |   101 |   199 |    87 |       ||   880
       Lee's Rapid Decon |       |       |    14 |    98 |    23 |    75 |    81 |    72 |       ||   363
       Borgnjor's Vile C |       |       |       |    58 |   192 |   208 |   328 |   166 |   136 ||  1088
       Animate Dead      |       |       |       |    26 |    43 |    25 |    27 |     7 |       ||   128
       Ozocubu's Armour  |       |       |       |     3 |     8 |    15 |    12 |    33 |    83 ||   154
       Death Channel     |       |       |       |       |    37 |    54 |    52 |    26 |       ||   169
       Regeneration      |       |       |       |       |    21 |    32 |    33 |    50 |   160 ||   296
       Ignition          |       |       |       |       |       |     4 |    40 |    93 |    33 ||   170
       Blink             |       |       |       |       |       |       |    23 |    10 |    68 ||   101
       Summon Butterflie |       |       |       |       |       |       |     1 |       |     4 ||     5
       Fire Storm        |       |       |       |       |       |       |    41 |    37 |   304 ||   382
       Lehudib's Crystal |       |       |       |       |       |       |    31 |   136 |   293 ||   460
       Irradiate         |       |       |       |       |       |       |     1 |    45 |   136 ||   182
       Spellforged Servi |       |       |       |       |       |       |       |     5 |   221 ||   226
       Apportation       |       |       |       |       |       |       |       |     5 |    55 ||    60
       Shatter           |       |       |       |       |       |       |       |       |    52 ||    52
       Necromutation     |       |       |       |       |       |       |       |       |   120 ||   120
       Infestation       |       |       |       |       |       |       |       |       |   101 ||   101
       Malign Gateway    |       |       |       |       |       |       |       |       |    21 ||    21
       Passage of Golubr |       |       |       |       |       |       |       |       |    20 ||    20
       Deflect Missiles  |       |       |       |       |       |       |       |       |    14 ||    14
       Shroud of Golubri |       |       |       |       |       |       |       |       |     6 ||     6
 Abil: End Transformatio |       |       |       |       |       |       |       |       |    16 ||    16
Evoke: Wand              |       |       |     2 |     7 |     3 |     4 |     6 |    36 |    52 ||   110
       Box of beasts     |       |       |       |     1 |       |       |     5 |       |     8 ||    14
       Lamp of fire      |       |       |       |       |       |     2 |       |       |       ||     2
       Phial of floods   |       |       |       |       |       |     1 |       |       |     6 ||     7
       Lightning rod     |       |       |       |       |       |       |       |       |     4 ||     4
       Sack of spiders   |       |       |       |       |       |       |       |       |     3 ||     3
  Use: Scroll            |     3 |       |     4 |    12 |    19 |    12 |     9 |    24 |    88 ||   171
       Potion            |     2 |     1 |     2 |     4 |     9 |     4 |     9 |    18 |    59 ||   108
 Stab: Sleeping          |     7 |     1 |     1 |    23 |    18 |    10 |    15 |     4 |    59 ||   138
       Distracted        |       |       |       |     3 |     5 |     3 |     1 |     6 |    89 ||   107
       Invisible         |       |       |       |       |     3 |       |       |       |     1 ||     4
       Petrifying        |       |       |       |       |       |       |       |       |     1 ||     1
       Betrayed ally     |       |       |       |       |       |       |       |       |     1 ||     1
  Eat: Chunk             |    12 |    10 |    21 |    72 |    40 |    35 |    62 |    35 |   117 ||   404
       Ration            |       |       |     1 |     4 |     4 |     1 |    23 |    53 |    29 ||   115
Armor: Skin              |    13 |     7 |    13 |    19 |    14 |    22 |     8 |    55 |   266 ||   417
Dodge: Dodged            |   110 |   114 |   134 |   480 |   642 |   220 |   381 |  1250 |  4522 ||  7853
       Deflected         |       |       |       |       |       |       |       |       |    71 ||    71
Block: Other             |       |       |       |       |       |       |       |       |   227 ||   227
